 Dungeon Crawl Stone Soup version 0.29.0 (webtiles) character file.

Game seed: 18288686028675125235

16 mattm the Trooper (level 2, -35/28 HPs)
             Began as a Hill Orc Fighter on Sept 11, 2022.
             Killed by an exploding Natasha (37 damage)
             ... ignited by their inner flame
             ... on level 2 of the Dungeon.
             The game lasted 00:01:23 (883 turns).

mattm the Trooper (Hill Orc Fighter)                 Turns: 883, Time: 00:01:24

Health: -35/28     AC:  6    Str: 18    XL:     2   Next: 54%
Magic:  2/2        EV:  9    Int:  8    God:
Gold:   5          SH:  9    Dex: 10    Spells: 1/1 levels left

rFire   . . .      SeeInvis .   a - +0 war axe
rCold   . . .      Faith    .   c - +0 buckler
rNeg    . . .      Spirit   .   b - +0 scale mail
rPois   .          Reflect  +   (no helmet)
rElec   .          Harm     .   (no cloak)
rCorr   .          Rampage  .   (no gloves)
Will    .....                   (no boots)
Stlth   ..........              g - amulet of reflection
HPRegen 0.09/turn               (no ring)
MPRegen 0.08/turn               (no ring)

@: mighty
A: no striking features
a: no special abilities


You were on level 2 of the Dungeon.
You visited 1 branch of the dungeon, and saw 2 of its levels.

You collected 5 gold pieces.

Inventory:

Hand Weapons
 a - a +0 war axe (weapon)
Armour
 b - a +0 scale mail (worn)
 c - a +0 buckler (worn)
Jewellery
 g - an amulet of reflection (around neck)
Potions
 e - a potion of magic {unknown}


   Skills:
 + Level 4.5 Fighting
 - Level 2.7 Axes
 - Level 3.3 Armour
 - Level 3.3 Shields


You had one spell level left.
You didn't know any spells.
Your spell library contained the following spells:

 Spells                   Type           Power      Damage    Failure   Level
 Passage of Golubria      Tloc           0%         N/A       100%        4
 Silence                  Hex/Air        0%         N/A       100%        5
 Lehudib's Crystal Spear  Conj/Erth      0%         10d2      100%        8


Dungeon Overview and Level Annotations

Branches:
Dungeon (2/15)

Altars:


Message History

Natasha extends her claws.
You block Natasha's attack.
You hit Natasha but do no damage.
Natasha is lightly wounded.
You block Natasha's attack.
You hit Natasha but do no damage.
Natasha is lightly wounded.
Natasha claws you!
* * * LOW HITPOINT WARNING * * *
You block Natasha's attack.
You hit Natasha.
Natasha is heavily wounded.
Natasha stares at you and mumbles some strange words.
The magic dart hits you.
* * * LOW HITPOINT WARNING * * *
As you read the scroll labelled WIPA YZUC WATIR, it crumbles to dust.
The creatures around you are filled with an inner flame!
It was a scroll of immolation.
Natasha mumbles some strange words.
You feel very mighty all of a sudden.
Natasha mumbles some strange words.
You barely miss Natasha.
Natasha is heavily wounded.
You hit the iron imp but do no damage. You block Natasha's attack.
You block the iron imp's attack.
You barely miss Natasha.
Natasha is heavily wounded.
You slash the iron imp! You block Natasha's attack.
The iron imp hits you but does no damage.
Natasha closely misses you.
You hit Natasha.
Flame seeps out of Natasha.
Natasha is almost dead.
You hit the iron imp.
Natasha is engulfed in blazing flames.
Natasha growls in agony!
The shadow imp disappears in a puff of smoke!
The iron imp disappears in a puff of smoke!
Natasha explodes!
The fiery explosion engulfs you!!!
Ouch! That really hurt!
You die...

##### #...#
#.#.###
#<#...#
#####.#
#...# .
####.###....
#§@§......#
#○#####.....
.§§ .##.
..### .# ...
.. .. . .


There were no monsters in sight!

Vanquished Creatures
  Natasha (D:2)
  3 ball pythons (D:1)
  2 endoplasms (D:1)
  3 goblins (D:1)
  A hobgoblin (D:1)
  2 frilled lizards (D:1)
  A kobold (D:1)
  3 rats (D:1)
16 creatures vanquished.

Notes
Turn   | Place    | Note
-------+----------+-------------------------------------------
     0 | D:1      | mattm the Hill Orc Fighter began the quest for the Orb.
     0 | D:1      | Reached XP level 1. HP: 19/19 MP: 1/1
   279 | D:1      | Reached skill level 4 in Fighting
   288 | D:1      | Reached XP level 2. HP: 23/27 MP: 2/2
   390 | D:1      | Found a faded altar of an unknown god.
   869 | D:2      | Noticed Natasha
   878 | D:2      | HP: 1/28 [Natasha/magic dart (6)]
   883 | D:2      | Killed Natasha
   883 | D:2      | Killed by an exploding Natasha... ignited by their inner
                  | flame

Illustrated notes

Levels and vault maps discovered:
D:1:      lemuel_arrival_funnel, layout_loops_ring, basic_ecumenical_altar
D:2:      layout_basic, serial_glass, glass_columns_c, glass_columns_b,
          roderic_lattice_a, uniq_natasha, uniq_robin

Skill      XL: |  1 |
---------------+----+-----
Fighting       | 4 |  4.5
Axes           | |  2.7
Armour         | |  3.3
Shields        | |  3.3

Action                   || total
-------------------------++-------
Melee: War axe           ||    48
  Use: Scroll            ||     1
       Potion            ||     1
Armor: Scale mail        ||    16
Dodge: Dodged            ||    25
Block: Buckler           ||    19
